AoeStats
← CazadorGT

Lombardia

509148197Analyzed
3v3 RM · 7d ago on Sep 25, 2026· 30m 35s· 6 players
Game mode
Random Map
Map size
Normal (6 player)
Population
200
Speed
Normal
Resources
Standard
Victory
Conquest
Starting age
Dark Age
Ending age
Imperial Age
RankedLock teamsTeams togetherTeam positionsShared explorationLock speedFull tech treeHidden civsTurbo modeCheats
Victory
Defeat
🇺🇾 Bengalis · Uruguay
1175
+15
🇬🇹 Magyars · Guatemala
1128
+17
🇷🇺 Koreans · Russia
1104
+18
🇹🇷 Armenians · Türkiye
1186
-18
🇹🇷 Teutons · Türkiye
1135
-16
🇹🇷 Bulgarians · Türkiye
1128
-16
CazadorGT
6:46 Loom
9:27 Feudal Age
10:08 Double-Bit Axe
10:08 Horse Collar
21:48 Scale Barding Armor
26:47 Bloodlines
31:07 Castle Age
30:15 Fletching
DM
7:59 Loom
10:33 Feudal Age
15:22 Fletching
17:43 Castle Age
17:27 Horse Collar
17:33 Double-Bit Axe
19:03 Bodkin Arrow
21:55 Crossbowman
23:36 Wheelbarrow
23:00 Gold Mining
27:50 Heavy Plow
28:02 Bow Saw
30:07 Thumb Ring
30:27 Hand Cart
29:57 Town Watch
31:33 Ballistics
BOT [Quaa]
7:44 Loom
9:58 Feudal Age
10:37 Double-Bit Axe
16:53 Castle Age
15:31 Horse Collar
16:38 Fletching
21:32 Bloodlines
21:23 Husbandry
25:12 Heavy Plow
25:34 Scale Barding Armor
jackalius
3:11 Loom
11:03 Feudal Age
25:33 Castle Age
29:55 Padded Archer Armor
29:46 Fletching
hakanyao
2:41 Loom
11:03 Feudal Age
13:04 Arson
24:12 Castle Age
24:15 Scale Mail Armor
24:15 Padded Archer Armor
24:08 Double-Bit Axe
24:05 Horse Collar
27:31 Elite Skirmisher
28:08 Fletching
28:29 Forging
XOLTAR
12:17 Feudal Age
12:45 Man-at-Arms
14:48 Long Swordsman
20:33 Scale Mail Armor
20:46 Arson
26:01 Castle Age
25:01 Double-Bit Axe
25:10 Stone Mining
29:27 Padded Archer Armor
Connection lost

Rejoining the realm…

Still unreachable

The connection could not be restored.

Session expired

The server has moved on; the page needs a fresh start.